 Dungeon Crawl Stone Soup version 0.25-b1-38-g32f9adbbe0 (webtiles) character file.

Game seed: 14820849935117951232

7001 Curus the Carver (level 10, -9/139 HPs)
             Began as a Minotaur Fighter on June 7, 2020.
             Was a High Priest of Okawaru.
             Mangled by a troll (13 damage)
             ... on level 10 of the Dungeon.
             The game lasted 00:47:22 (9717 turns).

Curus the Carver (Minotaur Fighter)                 Turns: 9717, Time: 00:47:23

Health: -9/139     AC: 17    Str: 21    XL:     10   Next: 82%
Magic:  9/9        EV:  4    Int:  7    God:    Okawaru [*****.]
Gold:   618        SH: 10    Dex: 11    Spells: 9/9 levels left

rFire    + . .     SeeInvis +   y - +1 long sword (holy)
rCold    + . .     Gourm    .   c - +1 kite shield
rNeg     . . .     Faith    .   F - +0 plate armour
rPois    +         Spirit   .   (helmet restricted)
rElec    .         Reflect  .   E - scarf {rC+ rF+}
rCorr    .         Harm     .   i - +2 pair of gloves
MR       .....                  (no boots)
Stlth    ..........             (no amulet)
HPRegen  0.33/turn              k - ring of poison resistance
MPRegen  0.11/turn              o - ring of see invisible

@: berserking (expiring), slowed
A: retaliatory headbutt, horns 2, talons 1, sense surroundings 1
a: Heroism, Finesse, Renounce Religion


You were on level 10 of the Dungeon.
You worshipped Okawaru.
Okawaru was extremely pleased with you.
You were hungry.

You visited 1 branch of the dungeon, and saw 10 of its levels.
You also visited: Sewer.

You collected 678 gold pieces.
You spent 60 gold pieces at shops.

Inventory:

Hand Weapons
 a - a +2 long sword
 y - a +1 long sword of holy wrath (weapon)
Armour
 b - a +0 scale mail
 c - a +1 kite shield (worn)
 g - a +0 chain mail
 i - a +2 pair of gloves (worn)
 E - a scarf of resistance (worn)
 F - a +0 plate armour (worn)
Jewellery
 k - a ring of poison resistance (left hand)
 l - an uncursed ring of flight
 o - a ring of see invisible (right hand)
 B - an uncursed ring of fire
 G - an uncursed ring of fire
 H - an uncursed ring of ice
Wands
 u - a wand of polymorph (18)
 v - a wand of random effects (43)
 z - a wand of iceblast (13)
 C - a wand of enslavement (7)
 I - a wand of paralysis (6)
Scrolls
 e - 3 scrolls of remove curse
 h - 3 scrolls of magic mapping
 j - 12 scrolls of identify
 p - 5 scrolls of fear
 q - 3 scrolls of teleportation
 r - 2 scrolls of blinking
 t - 2 scrolls of amnesia
Potions
 d - 3 potions of might
 m - 3 potions of invisibility
 n - 2 potions of flight
 s - a potion of berserk rage
 w - 5 potions of curing
 x - a potion of stabbing
 A - a potion of brilliance
 D - a potion of magic
 J - 2 potions of cancellation
Comestibles
 f - 14 rations


   Skills:
 + Level 9.8 Fighting
 - Level 14.6 Long Blades
 + Level 9.8 Armour
 - Level 3.6 Shields


You had 9 spell levels left.
You didn't know any spells.
Your spell library contained the following spells:

 Spells                   Type           Power        Failure   Level  Hunger
 Foxfire                  Conj/Fire      #...         100%        1    ##.....
 Freeze                   Ice            #...         100%        1    ##.....
 Sandblast                Erth           #.....       100%        1    ##.....
 Passwall                 Tmut/Erth      #.......     100%        2    ###....
 Conjure Flame            Conj/Fire      #.......     100%        3    ####...
 Frozen Ramparts          Ice            #.....       100%        3    ####...
 Inner Flame              Hex/Fire       #.......     100%        3    ####...
 Ozocubu's Armour         Chrm/Ice       #.......     100%        3    ####...
 Stone Arrow              Conj/Erth      #.....       100%        3    ####...
 Hailstorm                Conj/Ice       #.......     100%        4    #####..
 Petrify                  Tmut/Erth      #.......     100%        4    #####..
 Sticky Flame             Conj/Fire      #.......     100%        4    #####..
 Summon Ice Beast         Ice/Summ       #.......     100%        4    #####..
 Fireball                 Conj/Fire      #.........   100%        5    ######.
 Lee's Rapid Deconstruct  Erth           #.........   100%        5    ######.


Dungeon Overview and Level Annotations

Branches:
Dungeon (10/15)            Temple (0/1) D:7             Orc (0/2) D:10
  Sewer (visited)
   Lair: D:8-11

Altars:
Cheibriados
Dithmenos
Elyvilon
Hepliaklqana
Okawaru
Sif Muna
Uskayaw
Vehumet
Zin
The Shining One

Shops:
D:10 *

Annotations:
D:10 Harold


Innate Abilities, Weirdness & Mutations

You reflexively headbutt those who attack you in melee.
You have a pair of horns on your head.
You have sharp toenails.
You passively map a small area around you.


Message History

You slash the orc priest!
You kill the orc priest!
Okawaru accepts your kill. The orc hits you with a +0 mace.
* * * LOW HITPOINT WARNING * * *
The adder bites you but does no damage.
You slash the adder!
You kill the adder!
Okawaru accepts your kill.
You slash the orc!
You kill the orc!
Okawaru accepts your kill.
You are too berserk!
Things that are here:
a +0 mace; a +0 ring mail of magic resistance; an orc corpse You closely miss the troll.
Your kick misses the troll. You block the troll's attack.
The troll claws you but does no damage. You block the troll's attack.
You closely miss the troll. Your kick misses the troll. The troll bites you!
You die...

>................. , ...+.....o.F
......(.........(. .............
.................#*.........)..o.
∩###.............##....##........
...................[... #........
####........................##...
##...##......).).......... #...
#....##.....)[)###.........:...
##.............@T........T......
#..............†.)............##.
#.....##..........>........... .
#.....##................/O.. .
#..(.........(..........
###.....................
#..................... ,
#..................%..
*..................... ,


You could see a troll.

Vanquished Creatures
  A two-headed ogre (D:10)
  A cyclops (D:8)
  A troll (D:9)
  2 hippogriffs
  A spriggan (D:7)
  3 hungry ghosts
  Menkaure (D:7)
  2 wargs (D:10)
  A water moccasin (D:9)
  Duvessa (D:6)
  A black bear (D:9)
  8 ice beasts
  An orc warrior (D:8)
  A sky beast (D:8)
  A phantom (D:7)
  3 ogres
  3 centaurs
  A big kobold (D:7)
  8 bullfrogs
  A water moccasin zombie (D:8)
  Dowan (D:6)
  A water moccasin skeleton (D:8)
  A scorpion (D:5)
  5 killer bees (D:7)
  A howler monkey (D:4)
  9 crimson imps
  6 orc priests
  5 hounds
  2 jellies
  8 orc wizards
  A bullfrog skeleton (D:10)
  6 worker ants
  Natasha (thrice) (D:3)
  3 hound zombies
  3 hound skeletons
  Robin (D:4)
  12 adders
  3 shadow imps
  7 oozes
  An adder zombie (D:8)
  An adder skeleton (D:5)
  12 worms
  2 dart slugs
  4 leopard geckos
  43 orcs
  15 bats
  12 giant cockroaches
  10 goblins
  17 hobgoblins
  9 jackals
  8 quokkas
  4 ball pythons
  7 frilled lizards
  A giant cockroach zombie (D:5)
  22 kobolds
  2 leopard gecko skeletons (D:6)
  A quokka skeleton (D:5)
  17 rats
308 creatures vanquished.

Vanquished Creatures (others)
  3 jackals (D:2)
  A quokka (D:2)
4 creatures vanquished.

Grand Total: 312 creatures vanquished

Notes
Turn   | Place    | Note
-------+----------+-------------------------------------------
     0 | D:1      | Curus the Minotaur Fighter began the quest for the Orb.
     0 | D:1      | Reached XP level 1. HP: 19/19 MP: 0/0
   153 | D:1      | Reached skill level 3 in Long Blades
   165 | D:1      | Reached XP level 2. HP: 26/26 MP: 1/1
   315 | D:1      | Reached skill level 4 in Long Blades
   334 | D:1      | Reached XP level 3. HP: 31/31 MP: 2/2
   947 | D:2      | Reached skill level 5 in Long Blades
   999 | D:2      | Reached XP level 4. HP: 16/39 MP: 3/3
  1291 | D:2      | Found a white marble altar of Elyvilon.
  1327 | D:2      | Found a hazy altar of Hepliaklqana.
  1702 | D:2      | Found a glowing golden altar of the Shining One.
  1721 | D:2      | Found an iron altar of Okawaru.
  1730 | D:2      | Became a worshipper of Warmaster Okawaru
  1747 | D:2      | Gained mutation: You passively map a small area around you.
                  | [potion of mutation]
  1747 | D:2      | Gained mutation: You have sharp toenails. [potion of
                  | mutation]
  1846 | D:3      | Reached skill level 6 in Long Blades
  1932 | D:3      | Found a snail-covered altar of Cheibriados.
  2274 | D:3      | Reached XP level 5. HP: 42/45 MP: 4/4
  2285 | D:3      | Found a glowing drain.
  2302 | Sewer    | Entered a sewer
  2713 | Sewer    | Reached skill level 7 in Long Blades
  3076 | D:3      | Noticed Natasha
  3081 | D:3      | Killed Natasha
  3089 | D:3      | Found a hide-covered altar of Uskayaw.
  3211 | D:3      | Noticed Natasha
  3222 | D:3      | Killed Natasha
  3236 | D:3      | Noticed Natasha
  3241 | D:3      | Killed Natasha
  3241 | D:3      | Reached XP level 6. HP: 39/51 MP: 5/5
  3323 | D:4      | Reached * piety under Okawaru
  3323 | D:4      | Reached skill level 8 in Long Blades
  3881 | D:4      | Noticed Robin
  3898 | D:4      | Killed Robin
  3898 | D:4      | Reached skill level 9 in Long Blades
  4200 | D:4      | Reached XP level 7. HP: 57/57 MP: 6/6
  4501 | D:5      | Entered Level 5 of the Dungeon
  4814 | D:5      | Reached skill level 10 in Long Blades
  5000 | D:5      | Reached ** piety under Okawaru
  5273 | D:5      | Reached skill level 11 in Long Blades
  5392 | D:6      | Reached XP level 8. HP: 54/64 MP: 7/7
  5879 | D:6      | Noticed Dowan
  5882 | D:6      | Noticed Duvessa
  5901 | D:6      | Killed Duvessa
  5901 | D:6      | Reached skill level 12 in Long Blades
  5903 | D:6      | Killed Dowan
  6571 | D:7      | Reached skill level 13 in Long Blades
  6729 | D:7      | Reached *** piety under Okawaru
  6729 | D:7      | Reached XP level 9. HP: 70/70 MP: 8/8
  6748 | D:7      | Noticed Menkaure
  6753 | D:7      | Killed Menkaure
  7087 | D:7      | Reached skill level 14 in Long Blades
  7272 | D:7      | Found a radiant altar of Vehumet.
  7345 | D:7      | Found a staircase to the Ecumenical Temple.
  7394 | D:7      | Found a shimmering blue altar of Sif Muna.
  7420 | D:7      | Identified Sif Muna's Guide on the Arsonist
  7676 | D:8      | Found a glowing silver altar of Zin.
  7781 | D:8      | Reached **** piety under Okawaru
  7781 | D:8      | Received a gift from Okawaru
  7781 | D:8      | Reached skill level 5 in Fighting
  7781 | D:8      | Reached skill level 5 in Armour
  7958 | D:8      | Noticed a cyclops
  7969 | D:8      | Killed a cyclops
  7969 | D:8      | Received a gift from Okawaru
  7979 | D:8      | Reached XP level 10. HP: 75/84 MP: 7/9
  8282 | D:8      | Found a shadowy altar of Dithmenos.
  9198 | D:9      | Reached ***** piety under Okawaru
  9317 | D:10     | Entered Level 10 of the Dungeon
  9336 | D:10     | Noticed a two-headed ogre
  9337 | D:10     | Noticed Harold
  9637 | D:10     | Found Renient's General Store.
  9661 | D:10     | Bought a potion of curing for 30 gold pieces
  9661 | D:10     | Bought a potion of curing for 30 gold pieces
  9672 | D:10     | Found a staircase to the Orcish Mines.
  9710 | D:10     | HP: 5/136 [two-headed ogre/+0 giant spiked club (17)]
  9711 | D:10     | Killed a two-headed ogre
  9711 | D:10     | Received a gift from Okawaru
  9712 | D:10     | HP: 2/139 [orc/+0 mace (3)]
  9717 | D:10     | Mangled by a troll

Illustrated notes

Levels and vault maps discovered:
D:1:      dpeg_arrival_pond, layout_loops_ring, wad_floor_pattern_1,
          minmay_misc_feat_secret_circle, minmay_pentomino_u4
D:2:      layout_loops_cross, okawaru_trees_1, overflow_temple_1_default,
          lemuel_doored_altar, elyvilon_altar_4, grunt_ministairs_1
D:3:      layout_loops_ring, kennysheep_slug_shrine, old_standard_altar,
          portal_sewer_entry_e, kennysheep_generic_room_16, uniq_natasha
D:4:      layout_layer_cave, uniq_robin
D:5:      layout_loops_ring, first_ration, minmay_increasing_density
D:6:      layout_basic, sigmund_army, uniq_duvessa
D:7:      layout_loops_ring, lemuel_coloured_pillars_altar,
          minmay_temple_entry_drinking_statues, the_bakery, led_sif_book,
          uniq_menkaure
D:8:      minmay_slanted_spiral_squares, layout_rooms,
          nicolae_dithmenos_through_a_glass_darkly, lemuel_crystal_altar,
          minmay_misc_feat_diagonals
D:9:      layout_gridville, minmay_misc_feat_square
D:10:     layout_basic, erik_orc_4, enter_trove_6, serial_shops, shop, shop,
          minmay_fractal_squares_5, uniq_harold

Skill      XL: |  1  2  3  4  5  6  7  8  9 10 |
---------------+-------------------------------+-----
Long Blades    | 3 4 5 6 7 9 11 13 14 | 14.6
Fighting       | 6 9 |  9.8
Armour         | 6 9 |  9.8
Shields        | |  3.6

Action                   |  1- 3 |  4- 6 |  7- 9 | 10-12 || total
-------------------------+-------+-------+-------+-------++-------
Melee: Long sword        |   123 |   241 |   321 |   200 ||   885
       Headbutt          |    19 |    28 |    46 |    30 ||   123
       Kick              |       |    33 |    78 |    68 ||   179
Invok: Heroism           |       |       |     1 |       ||     1
Evoke: Wand              |       |       |     2 |     1 ||     3
  Use: Scroll            |     6 |     7 |     2 |     1 ||    16
       Potion            |     4 |     8 |     5 |     1 ||    18
  Eat: Chunk             |     1 |    10 |    10 |     9 ||    30
       Ration            |       |       |     1 |     1 ||     2
Armor: Scale mail        |    54 |    83 |       |       ||   137
       Chain mail        |       |    30 |   129 |       ||   159
       Plate armour      |       |       |    18 |   126 ||   144
Dodge: Dodged            |    26 |    74 |    46 |    23 ||   169
Block: Kite shield       |    66 |   114 |   153 |    93 ||   426
       Rpst.: Long sword |     5 |    24 |    15 |     7 ||    51
